 Dungeon Crawl Stone Soup version 0.25.0-46-gbd7b0854d2 (webtiles) character file.

Game seed: 10856474024607948793

1703 Milting the Ruffian (level 8, -10/120 HPs)
             Began as a Troll Berserker on July 12, 2020.
             Was an Elder of Trog.
             Mangled by an orc warrior
             ... wielding a +0 trident
              (15 damage)
             ... on level 6 of the Dungeon.
             The game lasted 00:16:51 (3884 turns).

Milting the Ruffian (Troll Berserker)               Turns: 3884, Time: 00:16:51

Health: -10/120    AC:  7    Str: 28    XL:     8   Next: 73%
Magic:  0/7        EV: 11    Int:  3    God:    Trog [****..]
Gold:   303        SH:  0    Dex:  9    Spells: 7/7 levels left

rFire    . . .     SeeInvis .     - Unarmed
rCold    . . .     Gourm    +   (no shield)
rNeg     . . .     Faith    .   a - +0 animal skin
rPois    .         Spirit   .   (helmet restricted)
rElec    .         Reflect  .   f - +0 cloak
rCorr    .         Harm     .   (gloves unavailable)
MR       .....                  (boots unavailable)
Stlth    ..........             (no amulet)
HPRegen  0.70/turn              w - ring of fire
MPRegen  0.10/turn              k - ring of ice

@: berserking, very quick
A: large, unfitting armour, claws 3, fast metabolism 3, gourmand, regeneration
1, shaggy fur 1, tough skin 3
a: Berserk, Trog's Hand, Brothers in Arms, Renounce Religion


You were on level 6 of the Dungeon.
You worshipped Trog.
Trog was greatly pleased with you.
You were very full.

You visited 1 branch of the dungeon, and saw 6 of its levels.

You collected 303 gold pieces.

Inventory:

Missiles
 d - 167 stones (quivered)
Armour
 a - a +0 animal skin (worn)
 f - a +0 cloak (worn)
 z - a +0 ring mail of positive energy
Jewellery
 k - a ring of ice (right claw)
 w - a ring of fire (left claw)
 x - an uncursed ring of wizardry {unknown}
Wands
 n - a wand of random effects (40)
 B - a wand of acid (9)
Scrolls
 g - 3 scrolls of magic mapping {unknown}
 j - a scroll of amnesia {unknown}
 m - 5 scrolls of identify {unknown}
 o - a scroll of blinking {unknown}
 p - a scroll of teleportation {unknown}
 q - a scroll of remove curse {unknown}
 s - a scroll of enchant armour {unknown}
 y - a scroll of random uselessness {unknown}
Potions
 c - 2 potions of resistance {unknown}
 e - a potion of brilliance {unknown}
 h - a potion of stabbing {unknown}
 i - 2 potions of lignification
 l - 2 potions of curing {unknown}
 r - 2 potions of magic {unknown}
 t - a potion of ambrosia {unknown}
 u - a potion of heal wounds {unknown}
 v - a potion of mutation {unknown}
Comestibles
 b - 20 rations
 A - 13 chunks of flesh


   Skills:
 + Level 5.2 Fighting
 + Level 4.4 Armour
 + Level 5.2 Dodging
 + Level 6.3 Unarmed Combat


You had 7 spell levels left.
You didn't know any spells.
Your spell library contained the following spells:

 Spells                   Type           Power        Failure   Level  Hunger
 Animate Skeleton         Necr           N/A          52%         1    ##.....
 Freeze                   Ice            #...         52%         1    ##.....
 Pain                     Necr           #...         52%         1    ##.....
 Frozen Ramparts          Ice            #.....       88%         3    ####...
 Ozocubu's Armour         Chrm/Ice       #.......     88%         3    ####...
 Vampiric Draining        Necr           #.........   88%         3    ####...
 Animate Dead             Necr           N/A          99%         4    #####..
 Hailstorm                Conj/Ice       #.......     99%         4    #####..
 Summon Ice Beast         Ice/Summ       #.......     99%         4    #####..
 Agony                    Necr           #.......     100%        5    ######.


Dungeon Overview and Level Annotations

Branches:
Dungeon (6/15)             Temple (0/1) D:4

Altars:
Dithmenos
Elyvilon
Okawaru
Ru
The Shining One

Portals:
Sewer: D:3


Innate Abilities, Weirdness & Mutations

You are too large for most types of armour.
You have claws for hands.
Your metabolism is lightning-fast.
You like to eat raw meat.
Your natural rate of healing is unusually fast.
You are covered in fur. (AC +1)
You have extremely tough skin. (AC +3)


Message History

You feel your power leaking away.
You scratch the orc warrior.
The orc warrior is lightly wounded.
The orc warrior hits you with a +1 antimagic war axe!
* * * LOW HITPOINT WARNING * * *
You feel your power leaking away.
You are too berserk!
Unknown command.
You mangle the orc!!
You feel the power of Trog in you as your rage grows.
You kill the orc!
Trog accepts your kill. The orc warrior barely misses you.
You closely miss the orc warrior. You claw the orc warrior!
The orc warrior is heavily wounded.
The orc warrior completely misses you. The orc priest misses you.
You closely miss the orc warrior.
The orc warrior is heavily wounded.
The orc warrior hits you with a +0 trident!
You die...

#..##..........#..#
#...##
####[###......##
..# #...# #..
#))....# ..# #.#.##
#.. ##.....)#
....#.#..# ##.
........# #....#..#
#......##).#
.#.....
###...###..#
..#.#...
##.###.†.## .#
##.... #....)@o.#
#.... #....#.oo.#
#.... #..#####.....
#.... .. .....#..
#..#.. # .......
...##. ........
......... ##.....


You could see 2 orc warriors and an orc priest.

Vanquished Creatures
  Pikel (D:4)
  4 slaves (D:4)
  3 phantoms
  A necrophage (D:6)
  A howler monkey (D:5)
  A crimson imp (D:5)
  A quasit (D:5)
  6 orc priests
  3 jellies
  Crazy Yiuf (D:4)
  5 orc wizards
  5 worker ants
  2 gnolls (D:5)
  A howler monkey skeleton (D:4)
  7 adders
  An adder zombie (D:5)
  A worm (D:3)
  4 leopard geckos
  31 orcs
  4 giant cockroaches
  9 goblins
  5 hobgoblins
  6 jackals
  3 quokkas
  4 ball pythons
  6 bats
  6 frilled lizards
  6 kobolds
  A leopard gecko skeleton (D:4)
  6 rats
135 creatures vanquished.

Notes
Turn   | Place    | Note
-------+----------+-------------------------------------------
     0 | D:1      | Milting the Troll Berserker began the quest for the Orb.
     0 | D:1      | Reached XP level 1. HP: 22/22 MP: 0/0
   158 | D:1      | Reached XP level 2. HP: 21/29 MP: 1/1
   700 | D:2      | Reached ** piety under Trog
   734 | D:2      | Found a shadowy altar of Dithmenos.
   748 | D:2      | Reached XP level 3. HP: 23/36 MP: 2/2
   759 | D:2      | HP: 1/36 [poisoned by a goblin]
   926 | D:2      | Reached skill level 1 in Armour
  1060 | D:2      | Found a faded altar of an unknown god.
  1141 | D:2      | Reached XP level 4. HP: 44/44 MP: 3/3
  1448 | D:3      | Found a glowing golden altar of the Shining One.
  1565 | D:3      | Found a glowing drain.
  1874 | D:3      | Found a sacrificial altar of Ru.
  2042 | D:4      | Reached XP level 5. HP: 53/53 MP: 4/4
  2138 | D:4      | Reached skill level 4 in Unarmed Combat
  2180 | D:4      | Reached *** piety under Trog
  2254 | D:4      | Found a white marble altar of Elyvilon.
  2294 | D:4      | Noticed a phantom
  2316 | D:4      | Killed a phantom
  2316 | D:4      | Reached XP level 6. HP: 43/61 MP: 5/5
  2532 | D:4      | Noticed a slave
  2532 | D:4      | Noticed a slave
  2532 | D:4      | Noticed Pikel
  2533 | D:4      | Noticed a slave
  2533 | D:4      | Noticed a slave
  2537 | D:4      | Killed a slave
  2546 | D:4      | Killed Pikel
  2546 | D:4      | Reached skill level 5 in Unarmed Combat
  2546 | D:4      | Reached XP level 7. HP: 70/70 MP: 6/6
  2575 | D:4      | Found a staircase to the Ecumenical Temple.
  2718 | D:4      | Found a runed translucent door.
  2719 | D:4      | Noticed Crazy Yiuf
  2724 | D:4      | Killed Crazy Yiuf
  2773 | D:5      | Entered Level 5 of the Dungeon
  2926 | D:5      | Found an iron altar of Okawaru.
  2986 | D:5      | Reached XP level 8. HP: 79/79 MP: 7/7
  3072 | D:5      | Reached **** piety under Trog
  3658 | D:6      | Reached skill level 6 in Unarmed Combat
  3674 | D:6      | Reached skill level 5 in Fighting
  3695 | D:6      | Reached skill level 5 in Dodging
  3881 | D:6      | HP: 4/120 [orc warrior/+1 antimagic war axe (7)]
  3884 | D:6      | Mangled by an orc warrior

Illustrated notes

Levels and vault maps discovered:
D:1:      lightli_arrival_chessboard, layout_loops_ring, minmay_vboxes
D:2:      layout_loops_cross, chequers_ecumenical_altar_twisty,
          corexii_item_surrounded_by_moat, nicolae_dithmenos_shadow_blocks
D:3:      layout_basic, tso_oasis_becter, nicolae_ru_path_of_blood,
          cheibrodos_sewer_entry_drain, supply_closet_lemuel
D:4:      minmay_wonky_spiral, layout_rooms, elyvilon_altar_4,
          minmay_temple_entry_drinking_statues, corexii_shack,
          minmay_misc_feat_rugged, minmay_misc_feat_pillars, uniq_pikel,
          uniq_crazy_yiuf_cottage
D:5:      layout_loops_ring, first_ration, okawaru_altar_gauntlet_db
D:6:      layout_cave_pools

Skill      XL: |  1  2  3  4  5  6  7  8 |
---------------+-------------------------+-----
Armour         | 1 2 3 4 |  4.4
Fighting       | 3 4 5 |  5.2
Dodging        | 3 4 5 |  5.2
Unarmed Combat | 4 5 6 |  6.3

Action                   |  1- 3 |  4- 6 |  7- 9 || total
-------------------------+-------+-------+-------++-------
Melee: Unarmed           |    89 |   124 |   164 ||   377
       Punch             |     1 |     1 |     6 ||     8
Invok: Berserk           |     2 |     3 |     4 ||     9
       Trog's Hand       |     1 |       |       ||     1
  Use: Potion            |     1 |       |       ||     1
  Eat: Chunk             |    18 |    15 |    16 ||    49
Armor: Animal skin       |    50 |    34 |    67 ||   151
Dodge: Dodged            |    56 |    56 |    84 ||   196
